[Event "*** Titled Tuesday 3|2 Blitz"]
[Site "Chess.com"]
[Date "2015.08.04"]
[Round "5"]
[White "WanderingPuppet"]
[Black "ChessMavenYeti"]
[Result "1/2-1/2"]
[WhiteElo "2182"]
[BlackElo "2044"]
[TimeControl "180+2"]
[EndTime "12:35:28 PDT"]
[Termination "Game drawn - insufficient material"]

1. e4 e6 2. d4 d5 3. Nc3 Bb4 4. e5 Ne7 5. a3 Bxc3+ 6. bxc3 c5 7. Qg4 cxd4 8. cxd4 Qc7 9. Bd2 Qxc2 10. Qxg7 Rg8 11.
Qh6 Nbc6 12. Nf3 Nxd4 13. Nxd4 Qb2 14. Bb5+ Bd7 15. Bxd7+ Kxd7 16. O-O Qxd4 17. Be3 Qe4 18. g3 Nf5 19. Qxh7 Rg7 20. Qh3 Nxe3 21. fxe3 Qxe3+ 22. Rf2 Qxe5 23. Raf1 Rag8 24. Rxf7+ Kd6 25. Rxg7 Rxg7 26.
Qh6 d4 27. Qd2 b6 28. Rf4 Kd5 29. Qa2+ Kc6 30. Qc2+ Kb7 31. Qd2 d3 32. Kf2 Rd7 33. Rf3 Qc5+ 34. Kg2 Qc2 35. Rf2 Qxd2 36. Rxd2 e5 37.
Kf3 Kc6 38. Ke3 Rh7 39. Kxd3 Kd5 40. Ke3+ Ke6 41. h4 Rc7 42. Rd3 Kf5 43. Rb3 Rc1 44. Kd3 Rg1 45. Kc4 Kg4 46. Kd5 Re1 47. a4 e4 48. Kd4 Ra1 49. Kxe4 Rxa4+ 50. Kd5 Ra1 51. Kc6 Rg1 52. Kb7 a5 53. Kxb6 a4 54. Rb4+ Kxg3 55. Rxa4 Rh1 56. Kc6 Rxh4 57. Rxh4 Kxh4 1/2-1/2

[Event "*** Titled Tuesday 3|2 Blitz"]
[Site "Chess.com"]
[Date "2015.08.04"]
[Round "5"]
[White "MITerryble"]
[Black "SenseiJulio"]
[Result "0-1"]
[WhiteElo "2573"]
[BlackElo "2557"]
[TimeControl "180+2"]
[EndTime "12:35:39 PDT"]
[Termination "SenseiJulio won by resignation"]

1. d4 e6 2. Nf3 d5 3. c4 c6 4. e3 Nf6 5. Bd3 Nbd7 6. O-O Bd6 7. b3 e5 8. Be2 e4 9. Ne1 Nf8 10. Bb2 Ng6 11. Ba3 O-O 12. Bxd6 Qxd6 13. Nc3 Bd7 14.
Rc1 Rac8 15. Qd2 dxc4 16. bxc4 c5 17. d5 Ne5 18. f4 exf3 19. gxf3 Rfe8 20. Rf2 Ng6 21.
Ng2 Bh3 22. Bd3 Bxg2 23. Rxg2 Nh4 24. Rf2 Qe5 25. Re1 a6 26. a4 b6 27. Kh1 Rc7 28. f4 Qh5 29. Ref1 Ng4 30. Re2 f5 31. e4 fxe4 32. Bxe4 Rce7 33. Qe1 Nf5 34. Rg1 Rxe4 35. Nxe4 Rxe4 36. Qd2 Nxh2 37. Rxh2 Qf3+ 38. Rhg2 Rxf4 39. Qe1 Rh4+ 40. Qxh4 Nxh4 0-1

[Event "*** Titled Tuesday 3|2 Blitz"]
[Site "Chess.com"]
[Date "2015.08.04"]
[Round "5"]
[White "myaccount88"]
[Black "Carolina-moon"]
[Result "1-0"]
[WhiteElo "2177"]
[BlackElo "1982"]
[TimeControl "180+2"]
[EndTime "12:35:40 PDT"]
[Termination "myaccount88 won on time"]

1. e4 c5 2. Nf3 d6 3. d4 cxd4 4. Nxd4 Nf6 5. Nc3 a6 6. g3 e5 7. Nb3 Be7 8. Bg2 O-O 9. O-O b5 10. a4 b4 11. Na2 a5 12. c3 Bb7 13. Re1 Nc6 14. cxb4 axb4 15. Nd2 Nd4 16. Nc4 Nxe4 17. Bxe4 Bxe4 18. Rxe4 d5 19. Rxd4 exd4 20. Ne5 Qc7 21.
Nd3 Rab8 22. Bf4 Bd6 23. Rc1 Qe7 24. Rc6 Bxf4 25. Nxf4 b3 26. Nc1 Rfe8 27. Qxd4 Qe1+ 28. Kg2 Qe4+ 29. Qxe4 Rxe4 30. Nxd5 Rxa4 31. Nxb3 h6 32.
Rc2 Rxb3 33. Rc8+ Kh7 34. Rc7 Rxb2 35. Rxf7 Kg6 36. Rf8 Raa2 37. h4 h5 38. Ne7+ Kh7 39.
Rf5 g6 40. Rf7+ Kh8 41. Nxg6+ Kg8 42. Rf5 Kg7 43. Ne5 Ra5 44. Rxh5 Rbb5 45. f4 Ra2+ 46. Kh3 Ra6 47. Rg5+ Kh6 48. Nf7+ Kh7 49. Rxb5 1-0

[Event "*** Titled Tuesday 3|2 Blitz"]
[Site "Chess.com"]
[Date "2015.08.04"]
[Round "5"]
[White "Chesseducation4u"]
[Black "Dlugy"]
[Result "0-1"]
[WhiteElo "2477"]
[BlackElo "2549"]
[TimeControl "180+2"]
[EndTime "12:35:42 PDT"]
[Termination "Dlugy won on time"]

1. Nf3 d5 2. g3 c6 3. Bg2 Bg4 4. d4 e6 5. Nbd2 Nf6 6. O-O Be7 7. Re1 O-O 8. e4 dxe4 9. Nxe4 Nbd7 10. c3 Nxe4 11. Rxe4 Bf5 12. Re1 h6 13. Qb3 Qb6 14. Nd2 Qxb3 15. axb3 Nb6 16. b4 a6 17. Nb3 Nc4 18. Nc5 Nd6 19. Bf4 Ra7 20. Ra2 g5 21. Bxd6 Bxd6 22. Be4 Bxe4 23. Nxe4 Be7 24. h3 Raa8 25.
Kg2 Rac8 26. Nc5 Rc7 27. Raa1 Kh7 28. Re2 Kg6 29. Rae1 Ra8 30. Ra1 b6 31. Rxa6 Rxa6 32. Nxa6 Ra7 33. Nb8 Rc7 34. Re1 Bd6 35. Kf3 Kf6 36.
Rd1 Ke7 37. Na6 Ra7 38. Ra1 Kd7 39. Ra2 Kc8 40. b5 cxb5 41. Nb4 Ra4 42. b3 Rxa2 43.
Nxa2 f5 44. g4 Kd7 45. Ke3 Bf4+ 46. Kd3 Bd6 47. Nc1 Ke7 48. Ne2 Kf6 49. f3 h5 50.
c4 bxc4+ 51. bxc4 Kg6 52. Ke3 Bb4 0-1

[Event "*** Titled Tuesday 3|2 Blitz"]
[Site "Chess.com"]
[Date "2015.08.04"]
[Round "5"]
[White "GMG"]
[Black "GMHess"]
[Result "0-1"]
[WhiteElo "2406"]
[BlackElo "2540"]
[TimeControl "180+2"]
[EndTime "12:35:59 PDT"]
[Termination "GMHess won by resignation"]

1. Nf3 c5 2. c4 Nc6 3. g3 Nf6 4. Bg2 e6 5. O-O Be7 6. d4 cxd4 7. Nxd4 O-O 8. Nc3 a6 9. Nb3 d6 10. Bf4 Nh5 11. Be3 Ne5 12. Qd4 Qc7 13. c5 dxc5 14.
Nxc5 Rd8 15. Qb4 Rb8 16. Rad1 Rxd1 17. Rxd1 b6 18. Nxa6 Bxa6 19. Qa4 Qc4 20. f4 Ng4 21.
Qxc4 Bxc4 22. Bd4 Bc5 23. b3 Ne3 24. Bxe3 Bxe3+ 25. Kf1 Ba6 26. Bf3 Nf6 27. Ne4 Nxe4 28. Bxe4 f5 29. Bd3 Rd8 30. a4 Bxd3 31. exd3 Kf7 32. Ke2 Bc5 33. Rc1 Rd4 34. Rc3 Rb4 35.
Kd2 Bd4 36. Rc7+ Kf6 37. Kc2 h6 38. Rd7 g5 39. h3 gxf4 40. gxf4 Bf2 41. Kc3 Be1+ 42.
Kc2 Rxf4 43. d4 Rf3 44. Rd6 Bf2 45. Rxb6 Bxd4 46. Rb7 Ke5 47. a5 Ke4 48. a6 Rf2+ 49. Kb1 Kd3 50. a7 Rf1+ 0-1

[Event "*** Titled Tuesday 3|2 Blitz"]
[Site "Chess.com"]
[Date "2015.08.04"]
[Round "5"]
[White "dretch"]
[Black "GregShahade"]
[Result "1-0"]
[WhiteElo "2502"]
[BlackElo "2300"]
[TimeControl "180+2"]
[EndTime "12:36:03 PDT"]
[Termination "dretch won on time"]

1. d4 Nf6 2. c4 e6 3. Nf3 Bb4+ 4.
Nbd2 O-O 5. a3 Be7 6. e4 d6 7. Bd3 Nc6 8. O-O e5 9. d5 Nb8 10. b4 a5 11. Bb2 Bg4 12. Re1 Na6 13. Bc3 Nd7 14. Nf1 c6 15. Ne3 Bxf3 16. Qxf3 Nc7 17. Nf5 g6 18. Qg3 Re8 19. h4 Bf8 20. h5 Nf6 21.
hxg6 hxg6 22. Qg5 Nfxd5 23. Qxd8 Rexd8 24. exd5 gxf5 25. dxc6 bxc6 26. Bxf5 axb4 27. axb4 Rxa1 28. Rxa1 Ra8 29. Rxa8 Nxa8 30. Be4 Nb6 31. Bxc6 Nxc4 32. b5 Be7 33. Kf1 Bd8 34. Ke2 Kf8 35. Kd3 Nb6 36. Ke4 Ke7 37. Kf5 Bc7 38. Bd2 Nc4 39. Bg5+ Kf8 40. g3 Bb6 41. f4 exf4 42. gxf4 Ne3+ 43.
Ke4 f5+ 44. Kd3 d5 45. Bf6 Nc4 46. Bxd5 Nd6 47. Bc6 Kf7 48. Bd4 Bd8 49. b6 Ke6 50.
b7 Bc7 51. Be5 Nxb7 52. Bxc7 Nc5+ 53. Kd4 Nb3+ 54. Kc3 Nc5 55. Kc4 Na6 56. Be5 Ke7 57. Kb5 1-0

[Event "*** Titled Tuesday 3|2 Blitz"]
[Site "Chess.com"]
[Date "2015.08.04"]
[Round "5"]
[White "VSERGUEI"]
[Black "yurisolo"]
[Result "0-1"]
[WhiteElo "2532"]
[BlackElo "2436"]
[TimeControl "180+2"]
[EndTime "12:36:08 PDT"]
[Termination "yurisolo won on time"]

1. d4 d6 2. Nf3 g6 3. c4 Bg7 4.
Nc3 Bg4 5. e3 c5 6. dxc5 Bxc3+ 7. bxc3 dxc5 8. Qxd8+ Kxd8 9. Ne5 Be6 10. e4 Nf6 11. f3 Nbd7 12. Bf4 Nh5 13. Nxd7 Kxd7 14.
Be3 Kc6 15. Kf2 Nf6 16. Be2 Nd7 17. Rhd1 Nb6 18. Rd5 Bxd5 19. cxd5+ Kd6 20. a4 Nd7 21. Rb1 b6 22. Ba6 e5 23. dxe6 Kxe6 24. Bb7 Rad8 25. Bd5+ Ke7 26. a5 Nf6 27. Bg5 h6 28. Bxf6+ Kxf6 29. axb6 axb6 30. Rxb6+ Ke7 31. Rb7+ Rd7 32. Rxd7+ Kxd7 33.
Bxf7 g5 34. Kg3 Kd6 35. Kg4 Ke5 36. g3 Kf6 37. Bh5 Rf8 38. f4 gxf4 39. gxf4 Rd8 40.
e5+ Ke6 41. Bg6 Rd2 42. h4 Rg2+ 43. Kh5 Rf2 44. Kg4 Rg2+ 45. Kf3 Rxg6 0-1

[Event "*** Titled Tuesday 3|2 Blitz"]
[Site "Chess.com"]
[Date "2015.08.04"]
[Round "5"]
[White "DanielNaroditsky"]
[Black "pKiLz5Rn9b"]
[Result "0-1"]
[WhiteElo "2485"]
[BlackElo "2411"]
[TimeControl "180+2"]
[EndTime "12:36:12 PDT"]
[Termination "pKiLz5Rn9b won on time"]

1. d4 e6 2. e4 d5 3. Nd2 Nf6 4. e5 Nfd7 5. c3 c5 6. Bd3 Nc6 7. Ngf3 Be7 8. O-O a5 9. a4 cxd4 10. cxd4 Nb4 11. Bb5 b6 12. Nb1 Ba6 13. Nc3 Bxb5 14. axb5 Rc8 15. Ne1 O-O 16. f4 f5 17.
Kh1 Rc4 18. Nf3 Qc8 19. Qd2 Qb7 20. Rg1 Rfc8 21. g4 fxg4 22. Qg2 Nd3 23. h3 Rf8 24.
Qg3 Qc8 25. hxg4 Bb4 26. Ng5 Nxc1 27. Raxc1 Re8 28. Qd3 Nf8 29. f5 Be7 30. Nh3 a4 31. Rcf1 Qd8 32. Nf4 Bg5 33. Nh5 Rc7 34. Nxa4 Rf7 35.
Nc3 Qd7 36. f6 g6 37. Ng3 Rc8 38. Nf5 gxf5 39. gxf5 h6 40. fxe6 Qxe6 41. Rf5 Nh7 42.
Qh3 Kh8 43. Qf3 Rg8 44. Nxd5 Rd8 45. Ne7 Rxd4 0-1

[Event "*** Titled Tuesday 3|2 Blitz"]
[Site "Chess.com"]
[Date "2015.08.04"]
[Round "5"]
[White "Storne89"]
[Black "samolo"]
[Result "1-0"]
[WhiteElo "2515"]
[BlackElo "2511"]
[TimeControl "180+2"]
[EndTime "12:36:19 PDT"]
[Termination "Storne89 won by resignation"]

1. e4 g6 2. d4 Bg7 3. Nc3 d6 4. Nf3 Nf6 5. h3 O-O 6. Be2 c5 7. d5 b5 8. Bxb5 Nxe4 9. O-O Nxc3 10. bxc3 Bxc3 11. Bh6 Bg7 12. Qd2 Nd7 13. Bxg7 Kxg7 14.
Bxd7 Bxd7 15. Rfe1 Re8 16. Rad1 Rb8 17. Qc3+ Kg8 18.
Re4 Qb6 19. Rde1 e5 20. dxe6 Rxe6 21. Ng5 Qb2 22. Qf3 Rf6 23. Rf4 Kg7 24. Nxf7 Rf8 25. Rxf6 Qxf6 26. Qxf6+ Kxf6 27. Nxd6 Bf5 28. Nxf5 gxf5 29.
Re3 Rb8 30. Ra3 Rb7 31. f4 Ke6 32. c4 h5 33. Ra6+ Kf7 34. Rh6 Rb2 35. Rxh5 Kg6 36. Rg5+ Kf6 37. g4 fxg4 38. hxg4 Rxa2 39. Rxc5 a5 40.
Rc6+ Ke7 41. g5 a4 42. f5 a3 43. Rc7+ Kd6 44. Ra7 Ke5 45. Ra5+ Kf4 46. g6 Kg3 47.
Kf1 Kf3 48. Ke1 Ke3 49. Re5+ Kd4 50. Ra5 Ke3 51. Kd1 Kd3 52. Rd5+ Kc3 53. g7 Rg2 54. f6 a2 55. Ra5 Kd3 56. Ke1 Ke3 57. Ra3+ Kd4 58.
Rxa2 1-0

[Event "*** Titled Tuesday 3|2 Blitz"]
[Site "Chess.com"]
[Date "2015.08.04"]
[Round "5"]
[White "drifblim"]
[Black "chessking2151"]
[Result "1-0"]
[WhiteElo "2054"]
[BlackElo "1989"]
[TimeControl "180+2"]
[EndTime "12:36:38 PDT"]
[Termination "drifblim won by resignation"]

1. e4 c5 2. Nf3 g6 3. d4 cxd4 4. Nxd4 Nc6 5. c4 Nf6 6. Nc3 Bg7 7. Nc2 d6 8. Be2 O-O 9. O-O a5 10. Bd2 Nd7 11. Rb1 Nc5 12. f3 Be6 13. Nd5 Bxd5 14. cxd5 Nd4 15. Nxd4 Bxd4+ 16. Kh1 Bg7 17. Be3 Qd7 18. Bxc5 dxc5 19. a4 Rfc8 20. Bb5 Qd6 21. Qd2 e6 22. Rfd1 Bd4 23. dxe6 Qxe6 24. Qg5 Rd8 25.
b3 Bf6 26. Qf4 Rxd1+ 27. Rxd1 Qxb3 28. Re1 Bd4 29. h4 Qe6 30. Qc7 Qc8 31. Qe7 Rb8 32.
e5 Qd8 33. Qd6 Qxd6 34. exd6 Rd8 35. d7 Bf6 36. g3 c4 37. Re4 c3 38. Rc4 Kf8 39. Kg2 Ke7 40. g4 Kd6 41. g5 Bg7 42. Rc8 Ke7 43. Rc7 f6 44. Rxc3 fxg5 45. Re3+ Kd6 46.
hxg5 Be5 47. Rd3+ Kc7 48. Rd5 Bd6 49. Rd4 Be5 50. Re4 Bd6 51. f4 Bf8 52. Kf3 Bb4 53.
Kg4 Bd6 54. Re6 Bb4 55. Rf6 Rf8 56. f5 gxf5+ 57. Kxf5 Rxf6+ 58. gxf6 Kd8 59. Ke6 h5 60. Kf5 h4 61. Kg4 Bc3 62. f7 Bg7 63. Kxh4 Ke7 64. Kg5 Bf6+ 65. Kg6 1-0

[Event "*** Titled Tuesday 3|2 Blitz"]
[Site "Chess.com"]
[Date "2015.08.04"]
[Round "5"]
[White "KyronGriffith"]
[Black "PauloCesarCosta"]
[Result "1/2-1/2"]
[WhiteElo "2235"]
[BlackElo "2003"]
[TimeControl "180+2"]
[EndTime "12:36:56 PDT"]
[Termination "Game drawn by agreement"]

1. e4 e6 2. d3 c5 3. Nd2 Nc6 4. Ngf3 g6 5. g3 Bg7 6. Bg2 Nge7 7. O-O d6 8. Nh4 O-O 9. f4 Rb8 10. a4 a6 11. c3 b5 12. axb5 axb5 13. f5 exf5 14. exf5 gxf5 15. Qh5 Ne5 16. Ndf3 Nxf3+ 17. Bxf3 Ng6 18. Nxf5 Bxf5 19. Qxf5 Qf6 20. Qxf6 Bxf6 21. Bd5 Bg7 22. Ra7 b4 23. Raxf7 Rxf7 24. Rxf7 Kh8 25. c4 Re8 26. Bf4 Bxb2 27. Bxd6 Bd4+ 28. Kg2 Ne5 29. Rc7 Nxd3 30. Kf3 b3 31. Rb7 b2 32. Be4 Nb4 33. Rxh7+ Kg8 34. Re7 Rxe7 35. Bxe7 Nc6 36. Bd6 Na5 37. Ke2 Nxc4 38. h4 Na3 39. g4 b1=Q 40. Bxb1 Nxb1 41. Kd3 Na3 42. h5 Nb5 43.
Bg3 Na7 44. g5 Nc6 45. Ke4 Ne7 46. Bd6 Nc8 47. Bc7 Ne7 48. Bd6 Nc8 49. Bf4 Ne7 50. Kd3 Kg7 51. Kc4 Ng8 52. Bd6 Be3 53. Be5+ Kf7 54.
g6+ Kf8 55. Kd5 Ne7+ 56. Ke6 Nxg6 57. hxg6 Kg8 58. Kf6 c4 59. Bc3 Bf2 60. Ke6 Be3 61. Kd5 Bh6 62. Kxc4 Bg7 63. Bd2 Bf6 64. Bh6 Bg7 65. Bg5 Bf8 66. Bf6 Bg7 67. Bg5 Bf8 68. Bf6 Bg7 1/2-1/2

[Event "*** Titled Tuesday 3|2 Blitz"]
[Site "Chess.com"]
[Date "2015.08.04"]
[Round "5"]
[White "alturas_pacificas"]
[Black "tac49"]
[Result "0-1"]
[WhiteElo "2091"]
[BlackElo "2456"]
[TimeControl "180+2"]
[EndTime "12:36:57 PDT"]
[Termination "tac49 won by resignation"]

1. d4 d6 2. Bf4 Nc6 3. Nf3 Bg4 4. e3 e5 5. dxe5 dxe5 6. Qxd8+ Rxd8 7. Bg3 Nf6 8. Nc3 Bxf3 9. gxf3 Bb4 10. Bb5 Nd7 11. O-O-O Bxc3 12. bxc3 f6 13. f4 e4 14. f5 Nde5 15.
Bxe5 fxe5 16. Bxc6+ bxc6 17. Rxd8+ Kxd8 18. Rg1 Rf8 19. Rxg7 Rxf5 20. Rxh7 Rxf2 21. h4 Re2 22. Rh5 Rxe3 23.
Rxe5 Rxc3 24. Rxe4 Rh3 25. Kb2 Kc8 26. Rg4 Kb7 27. Rf4 Kb6 28. Re4 a5 29. a3 Kb5 30.
Rg4 c5 31. a4+ Kb6 32. Rg6+ Kb7 33. Rh6 c4 34. h5 Ka7 35. Rh7 Kb7 36. h6 Kb6 37. Rh8 Kb7 38. h7 Ka7 39. Kc1 Kb7 40. Kd1 Kc6 41. Ke2 Kc5 42. Kf2 c3 43. Kg2 Rh6 44.
Kg3 Kc4 45. Kf4 c5 46. Kg5 Rh2 47. Kg6 Rg2+ 48. Kf7 Rxc2 49. Re8 Rh2 50. h8=Q Rxh8 51. Rxh8 c2 52. Rh1 Kb3 53. Ke6 Kxa4 54. Kd5 Kb3 55. Kxc5 a4 56. Kb5 a3 57. Kc5 a2 58. Kd4 Kb2 59.
Kd3 c1=Q 0-1

[Event "*** Titled Tuesday 3|2 Blitz"]
[Site "Chess.com"]
[Date "2015.08.04"]
[Round "5"]
[White "ChessWarrior7197"]
[Black "arnacman"]
[Result "0-1"]
[WhiteElo "2434"]
[BlackElo "2247"]
[TimeControl "180+2"]
[EndTime "12:37:02 PDT"]
[Termination "arnacman won by resignation"]

1. e4 c5 2. Nf3 d6 3. d4 cxd4 4. Nxd4 Nf6 5. Nc3 a6 6. Be2 e5 7. Nb3 Be7 8. O-O O-O 9. Be3 Be6 10. a4 Nc6 11. Qd2 d5 12. exd5 Nxd5 13. Nxd5 Qxd5 14. Qxd5 Bxd5 15. Rfd1 Be4 16. Bd3 Bxd3 17. Rxd3 Rfd8 18. Rc3 Rac8 19. Bc5 Bf6 20. Bb6 Rd5 21. Rc4 Ne7 22.
Nc5 Rc6 23. a5 Nc8 24. b4 Be7 25. Kf1 g6 26. Ke2 Nxb6 27. axb6 Bxc5 28. bxc5 Rdxc5 29. Rxc5 Rxc5 30. Kd3 Rb5 31. Re1 f6 32. f4 Kf7 33.
fxe5 fxe5 34. c4 Rb3+ 35. Kc2 Rxb6 36. Rxe5 Re6 37. Rd5 Re2+ 38. Kd3 Rxg2 39. Rd7+ Kf6 40. Rxh7 b5 41. c5 Rg4 42. Ra7 Ra4 43. c6 Kg5 44.
Ke3 Kf5 45. Kd3 g5 46. Ke3 Kg4 47. Rd7 Ra1 48. Rd4+ Kh5 49. Ke4 Rc1 50. Kd5 a5 51.
Kd6 a4 52. c7 a3 53. Rd5 a2 54. Rc5 Rxc5 55. Kxc5 a1=Q 56. c8=Q Qc1+ 0-1

[Event "*** Titled Tuesday 3|2 Blitz"]
[Site "Chess.com"]
[Date "2015.08.04"]
[Round "5"]
[White "Imre91"]
[Black "LyonBeast"]
[Result "0-1"]
[WhiteElo "2607"]
[BlackElo "2715"]
[TimeControl "180+2"]
[EndTime "12:37:20 PDT"]
[Termination "LyonBeast won by resignation"]

1. d4 Nf6 2. Nf3 g6 3. g3 Bg7 4. c4 O-O 5. Bg2 c6 6. O-O d5 7. Qb3 dxc4 8. Qxc4 Bf5 9. Nc3 Nbd7 10. e3 Ne4 11.
Nh4 Be6 12. Qe2 Nxc3 13. bxc3 Qa5 14. Qc2 Bc4 15. Rd1 e5 16. Nf3 Rfe8 17. Nd2 Be6 18. Nb3 Qa4 19. Bd2 Rad8 20. Rac1 Bc4 21. Be1 Bf8 22. Rb1 b6 23. Rdc1 Ba3 24. Rd1 Be6 25. Bd2 Bg4 26. Re1 Bf5 27. e4 Be6 28. Bg5 Rc8 29.
Rbd1 Bf8 30. Bc1 Bg7 31. h3 Bc4 32. Be3 Rcd8 33. Rc1 h6 34. Red1 Kh7 35. Kh2 Qa6 36. Nd2 Be2 37. Re1 Bb5 38. Qb3 Kg8 39. f4 Ba4 40.
Qb1 exf4 41. gxf4 Nf6 42. e5 Nd5 43. Ne4 Bb5 44. Bd2 Bd3 45. Qb2 Bf8 46. a4 Be7 47.
Nf2 Bc4 48. f5 Kh7 49. fxg6+ fxg6 50. Be4 Rf8 51. Ng4 h5 52. Bxg6+ Kxg6 53. Rg1 Kh7 54.
Nf6+ Bxf6 55. exf6 Rxf6 56. Rg2 Rdf8 57. Bg5 Rf3 58.
Re1 Qc8 59. Qc2+ Bd3 60. Qd1 Qxh3+ 61. Kg1 Rf1+ 0-1

[Event "*** Titled Tuesday 3|2 Blitz"]
[Site "Chess.com"]
[Date "2015.08.04"]
[Round "5"]
[White "zmaj23"]
[Black "Genghis_K"]
[Result "0-1"]
[WhiteElo "2493"]
[BlackElo "2583"]
[TimeControl "180+2"]
[EndTime "12:37:53 PDT"]
[Termination "Genghis_K won by resignation"]

1. e4 e5 2. Nf3 Nc6 3. Bb5 a6 4. Ba4 Nf6 5. O-O b5 6. Bb3 Bc5 7. a4 Rb8 8. axb5 axb5 9. d3 O-O 10. c3 d6 11. Bg5 h6 12. Bh4 g5 13. Bg3 Bb6 14.
Nbd2 Kg7 15. h4 Bg4 16. Qe2 Nh5 17. Bh2 Nf4 18. Bxf4 gxf4 19. Rfe1 Qf6 20. Bc2 Kh8 21. b4 Rg8 22. Kh1 Rg7 23. Rg1 Rbg8 24. Rae1 Bh5 25. Bb3 Rg4 26. Nf1 Rxh4+ 27. N1h2 Rgg4 28. Qa2 Rg3 29. Nxh4 Qxh4 30. Bd1 Rg5 31. g3 Qh3 32. Qa8+ Kg7 33. gxf4 exf4 34. Bxh5 Bxf2 35. Rxg5+ hxg5 36. Qxc6 Bxe1 37. Bg4 Qxd3 38. Qxc7 Bg3 39. Qa7 Bxh2 40. Qd4+ Qxd4 41. cxd4 Bg3 42. Kg2 Be1 43. Be2 Bxb4 44. Bxb5 Bc3 45. d5 f5 46. Kf3 fxe4+ 47. Kxe4 Kg6 48.
Bd7 Kh5 49. Kf3 Be5 50. Bg4+ Kg6 51. Be6 Kf6 52. Bg4 Ke7 53. Be6 Kd8 54. Bg4 Bf6 55. Be6 Kc7 56. Bg4 Kb6 57. Be6 Kc5 58. Bf7 Kd4 59.
Be6 Be7 60. Bf7 Ke5 61. Be6 Bd8 62. Bg8 g4+ 63. Kxg4 Ke4 64. Kh3 f3 65. Kh2 Ke3 66. Be6 f2 67. Bh3 Ke2 68. Kg3 f1=Q 69. Bxf1+ Kxf1 70. Kf4 Bf6 71. Kf5 Be5 72. Ke6 Ke2 0-1

[Event "*** Titled Tuesday 3|2 Blitz"]
[Site "Chess.com"]
[Date "2015.08.04"]
[Round "5"]
[White "rhungaski"]
[Black "Quinten94"]
[Result "0-1"]
[WhiteElo "2469"]
[BlackElo "2280"]
[TimeControl "180+2"]
[EndTime "12:39:30 PDT"]
[Termination "Quinten94 won by resignation"]

1. e4 c6 2. d4 d5 3. exd5 cxd5 4. c4 Nf6 5. Nc3 e6 6. Nf3 Bb4 7. cxd5 Nxd5 8. Qc2 Nc6 9. Bd3 Ba5 10. a3 h6 11. O-O O-O 12. Ne4 Bb6 13. Nc5 Qe7 14.
Be3 Nxe3 15. fxe3 e5 16. Rae1 Bg4 17. b4 Bxf3 18. gxf3 exd4 19. e4 Qg5+ 20. Kh1 Bxc5 21. f4 Qh4 22. Qxc5 Rad8 23. e5 Ne7 24. Rd1 b6 25.
Qc4 Kh8 26. Be4 Qh3 27. Rf3 Qh4 28. Rff1 Qh3 29. Qd3 Qxd3 30. Rxd3 f5 31. Bf3 Rd7 32. Rfd1 Rfd8 33. b5 Ng6 34. Bc6 Nxf4 35. Rf3 g5 36. Bxd7 Rxd7 37. h4 Kg7 38. hxg5 hxg5 39. e6 Rd6 40.
Rff1 Kf6 41. e7 Kxe7 42. Rfe1+ Kf6 43. Kg1 d3 44. Kf2 g4 45. Re8 Kg5 46. Rg8+ Ng6 47. Rg7 f4 48. Rxa7 g3+ 49. Kf3 Nh4+ 50. Ke4 g2 51.
Rg7+ Ng6 52. Rg1 d2 53. Rxg2+ Kh6 54. R7xg6+ Rxg6 55. Rxd2 Rf6 56. Kf3 Rf5 57. Rd6+ Kg5 58. a4 Rc5 59. Rxb6 Rc3+ 60. Kf2 Rc2+ 61. Kf1 Rc1+ 62. Ke2 Rc2+ 63. Kd3 Ra2 64. Ra6 f3 65. Ra8 f2 66. Rg8+ Kf4 67. Rf8+ Kg3 68. Ke3 Ra3+ 69. Ke2 Ra2+ 70. Ke3 Ra3+ 71. Ke2 Ra2+ 72. Ke3 Ra3+ 73. Kd4 Rf3 74. Rxf3+ Kxf3 75. a5 f1=Q 76. Kc5 Qc1+ 77. Kb6 Qe3+ 78. Kc6 Qe6+ 79. Kc5 Ke4 80. a6 Qc8+ 81.
Kb6 Qb8+ 82. Kc6 Qa7 83. b6 Qxa6 84. Kc7 Kd5 85. b7 Qc6+ 86. Kb8 Kd6 87. Ka7 Qa4+ 88. Kb6 Qb4+ 89. Ka6 Kc7 90. b8=Q+ Qxb8 0-1

[Event "*** Titled Tuesday 3|2 Blitz"]
[Site "Chess.com"]
[Date "2015.08.04"]
[Round "6"]
[White "FMCouch"]
[Black "michaelk123"]
[Result "0-1"]
[WhiteElo "2130"]
[BlackElo "2046"]
[TimeControl "180+2"]
[EndTime "12:43:25 PDT"]
[Termination "michaelk123 won - game abandoned"]

1. e4 c5 2. Nf3 e6 3. c4 Nc6 4. Nc3 e5 5. Be2 d6 6. O-O g6 7. a3 Bg7 8. b4 Nge7 9. Rb1 O-O 10. d3 b6 11. Nd5 h6 12. Bd2 Nd4 13. a4 Nxd5 14.
cxd5 f5 15. Nxd4 cxd4 16. f3 Bd7 17. Qb3 Qe7 0-1

[Event "*** Titled Tuesday 3|2 Blitz"]
[Site "Chess.com"]
[Date "2015.08.04"]
[Round "6"]
[White "Krutoy123"]
[Black "Colombiano07"]
[Result "1-0"]
[WhiteElo "2125"]
[BlackElo "1974"]
[TimeControl "180+2"]
[EndTime "12:43:57 PDT"]
[Termination "Krutoy123 won - game abandoned"]

1. e4 d5 2. exd5 Qxd5 3. Nf3 Nf6 4. d4 Bf5 5. c4 Qd8 6. Nc3 e6 7.
Be2 Be7 8. O-O O-O 9. Bf4 c6 10.
Rc1 Nbd7 11. Qb3 Qb6 12. c5 Qxb3 13. axb3 Nd5 14. Nxd5 exd5 15. b4 Nf6 16. b5 Ne4 17.
bxc6 bxc6 18. Ba6 Bc8 19. Bd3 Bf5 20. Ra1 a5 21. Ne5 Rfc8 22. f3 f6 23. fxe4 fxe5 24. Bxe5 Bxe4 25. Bxe4 dxe4 26. Rfe1 Bf6 27. Rxe4 Bxe5 28.
Rxe5 1-0

[Event "*** Titled Tuesday 3|2 Blitz"]
[Site "Chess.com"]
[Date "2015.08.04"]
[Round "6"]
[White "Quinten94"]
[Black "Konavets"]
[Result "0-1"]
[WhiteElo "2261"]
[BlackElo "2464"]
[TimeControl "180+2"]
[EndTime "12:44:17 PDT"]
[Termination "Konavets won by resignation"]

1. e4 c5 2. Nf3 e6 3. d4 cxd4 4.
Nxd4 a6 5. Be2 d6 6. O-O b5 7. a4 b4 8. Nd2 Bb7 9. Re1 Nd7 10. Nc4 Rc8 11. b3 Ngf6 12. Bh5 g6 13. Bg4 Ne5 14. Be2 Nxe4 15. Bb2 Bg7 16. f4 Nxc4 17. Bxc4 O-O 18. Nxe6 fxe6 19. Bxe6+ Kh8 20. Bxg7+ Kxg7 21. Qd4+ Qf6 22.
Qxf6+ Kxf6 23. Bxc8 Rxc8 24. Re2 h5 25. Rd1 d5 26. Rd4 a5 27. Kf1 Ba6 0-1

[Event "*** Titled Tuesday 3|2 Blitz"]
[Site "Chess.com"]
[Date "2015.08.04"]
[Round "6"]
[White "LyonBeast"]
[Black "Tal-Baronfew"]
[Result "0-1"]
[WhiteElo "2706"]
[BlackElo "2785"]
[TimeControl "180+2"]
[EndTime "12:44:36 PDT"]
[Termination "Tal-Baronfew won by resignation"]

1. e4 e5 2. Nf3 Nc6 3. Bb5 a6 4. Ba4 Nf6 5. O-O Be7 6. Re1 b5 7. Bb3 d6 8. c3 O-O 9. h3 Na5 10. Bc2 c5 11. d3 Nc6 12. Nbd2 h6 13. Nf1 Be6 14. Ne3 Rc8 15. a4 b4 16. Bb3 Na5 17.
Bxe6 fxe6 18. Bd2 bxc3 19. bxc3 c4 20. Qe2 cxd3 21. Qxd3 Nb3 22. Rab1 Nc5 23. Qc2 Nfxe4 24.
Ng4 h5 25. Rxe4 Nxe4 26. Nh6+ gxh6 27. Qxe4 Rf5 28. Bxh6 Qe8 29. Rb7 Rb8 30. Ra7 d5 31. Qe2 e4 32. Nd4 Rb1+ 33. Kh2 Qb8+ 34. g3 0-1

[Event "*** Titled Tuesday 3|2 Blitz"]
[Site "Chess.com"]
[Date "2015.08.04"]
[Round "6"]
[White "zmaj23"]
[Black "Chesseducation4u"]
[Result "0-1"]
[WhiteElo "2485"]
[BlackElo "2485"]
[TimeControl "180+2"]
[EndTime "12:45:28 PDT"]
[Termination "Chesseducation4u won by resignation"]

1. e4 e6 2. d4 d5 3. Nc3 Nc6 4.
Nf3 Nf6 5. Bd3 Bb4 6. e5 Ne4 7.
Bd2 Nxd2 8. Qxd2 f6 9. a3 Be7 10. O-O-O O-O 11. h4 a6 12. g4 fxe5 13. Nxe5 Nxe5 14.
dxe5 c5 15. f4 b5 16. g5 c4 17. Be2 b4 18. axb4 Bxb4 19. h5 Qb6 20. h6 g6 21.
Rhf1 Rb8 22. Qd4 Bc5 23. Nxd5 exd5 24. Qc3 Be6 25. Bxc4 dxc4 26. Rd6 Bxd6 27. exd6 Rf7 0-1

[Event "*** Titled Tuesday 3|2 Blitz"]
[Site "Chess.com"]
[Date "2015.08.04"]
[Round "6"]
[White "Sunil"]
[Black "Carolina-moon"]
[Result "0-1"]
[WhiteElo "1862"]
[BlackElo "1988"]
[TimeControl "180+2"]
[EndTime "12:45:47 PDT"]
[Termination "Carolina-moon won by resignation"]

1. e4 c5 2. Nc3 Nc6 3. f4 g6 4. Nf3 Bg7 5. Bc4 e6 6. f5 Nge7 7. fxe6 dxe6 8. O-O O-O 9. d3 h6 10.
Qe1 Nd4 11. Qh4 Nec6 12. Bg5 Nxf3+ 13. Rxf3 Qxg5 14. Qe1 Bd4+ 15. Kh1 Ne5 16. Rg3 Qh4 17. Ne2 Ng4 18. h3 Bf2 19. Rxg4 Bxe1 20. Rxh4 Bxh4 21. Rf1 Kg7 22. Kh2 Bf6 23. c3 Be5+ 24. g3 Bd7 25. d4 cxd4 26. cxd4 Rac8 27. Bb3 Bb5 28. Rf2 Bxe2 29. Rxe2 Bxd4 30. h4 h5 31. Kh3 e5 32. Re1 f5 33. Re2 f4 0-1

[Event "*** Titled Tuesday 3|2 Blitz"]
[Site "Chess.com"]
[Date "2015.08.04"]
[Round "6"]
[White "kesarev"]
[Black "ChessMavenYeti"]
[Result "0-1"]
[WhiteElo "2183"]
[BlackElo "2055"]
[TimeControl "180+2"]
[EndTime "12:46:13 PDT"]
[Termination "ChessMavenYeti won by resignation"]

1. Nf3 d5 2. c4 e6 3. b3 f5 4.
g3 Nf6 5. Bg2 c6 6. O-O Bd6 7.
Ba3 O-O 8. Bxd6 Qxd6 9. d4 Ne4 10. Qc2 Nd7 11. e3 b6 12. Nbd2 Bb7 13. Rfc1 Rac8 14.
Qb2 Ndf6 15. Ne5 c5 16. cxd5 exd5 17. Ndf3 Ng4 18. Rf1 cxd4 19. Nxg4 fxg4 20. Nxd4 Ba6 21. Ne2 Ng5 22. Rfd1 Nf3+ 23. Bxf3 gxf3 24. Nf4 Rxf4 25. exf4 Qd7 26. Qe5 Rc5 27. f5 Be2 28. Rdc1 Qc6 29.
Rc4 dxc4 0-1